 Dungeon Crawl Stone Soup version 0.31-a0-963-ga325b2283a (webtiles) character file.

Game seed: 871975982916953518

4809 Maxmaps the Covert (level 10, -1/67 (69) HPs)
             Began as an Octopode Shapeshifter on Oct 24, 2023.
             Was an Initiate of Gozag.
             Slain by Joseph
             ... wielding a +0 quarterstaff
              (15 damage)
             ... on level 9 of the Dungeon.
             The game lasted 00:17:29 (10144 turns).

Maxmaps the Covert (Octopode Shapeshifter)         Turns: 10144, Time: 00:17:30

HP:   -1/67 (69)    AC:  1    Str: 19    XL:     10   Next: 48%
MP:   10/10         EV: 15    Int: 16    God:    Gozag
Gold: 343           SH:  5    Dex: 13    Spells: 9/9 levels left

rFire   + .          .
                       - Unarmed
rCold   + . .        m - +0 buckler {rC+ rF+}
rNeg    . . .        (helmet currently unavailable)
rPois   .            (no amulet)
rElec   .            x - +6 ring of strength
rCorr   .            (no ring)
SInv    .            (no ring)
Will    .....        (no ring)
Stlth   +++++        (no ring)
HPRegen 0.31/turn    (no ring)
MPRegen 0.12/turn    (no ring)
                     (no ring)

%: no passive effects
@: beast-form, hasted, lightly drained, very quick
A: beast (slay +3), almost no armour, amphibious, 8 rings, camouflage 1,
gelatinous body 1, (nimble swimmer 1), tentacles
a: Begin Untransformation, Renounce Religion, Potion Petition, Call Merchant,
Bribe Branch


You were on level 9 of the Dungeon.
You worshipped Gozag.
Gozag was aware of your devotion.
You were a hulking beast.
You visited 2 branches of the dungeon, and saw 10 of its levels.
You also visited: Ossuary.

You collected 491 gold pieces.
You paid 148 gold pieces to Gozag.

Inventory:

Missiles
 l - 2 throwing nets
Armour
 m - a +0 buckler of resistance (worn)
Jewellery
 q - a ring of ice
 x - a +6 ring of strength (left tentacle)
Talismans
 b - a beast talisman
 c - a flux talisman
 g - a maw talisman
Wands
 p - a wand of paralysis (5)
Scrolls
 d - 3 scrolls of enchant armour
 j - 7 scrolls of teleportation
 s - 6 scrolls of immolation
 u - 2 scrolls of amnesia
 v - 2 scrolls of revelation
Potions
 a - 5 potions of enlightenment
 e - a potion of haste
 f - a potion of cancellation {unknown}
 h - a potion of might
 i - 2 potions of curing
 k - 2 potions of resistance {unknown}
 n - 3 potions of attraction
 o - a potion of ambrosia {unknown}
 r - 2 potions of invisibility {unknown}
 t - 5 potions of mutation


   Skills:
 - Level 6.3 Fighting
 - Level 7.1 Dodging
 - Level 8.1 Stealth
 + Level 6.8 Shields
 - Level 6.0 Unarmed Combat
 - Level 6.0 Shapeshifting


You had 9 spell levels left.
You didn't know any spells.
Your spell library contained the following spells:

 Spells                   Type           Power      Damage    Failure   Level
 Magic Dart               Conj           0%         1d3       30%         1
 Necrotise                Necr           0%         1d4       30%         1
 Sandblast                Erth           0%         2d4       30%         1
 Blink                    Tloc           0%         N/A       41%         2
 Lesser Beckoning         Tloc           0%         N/A       41%         2
 Momentum Strike          Conj/Tloc      0%         3d8       41%         2
 Passwall                 Tmut/Erth      0%         N/A       41%         2
 Searing Ray              Conj           0%         2d4       41%         2
 Sublimation of Blood     Necr           0%         N/A       41%         2
 Wereblood                Tmut           0%         N/A       41%         2
 Stone Arrow              Conj/Erth      0%         3d7       65%         3
 Vampiric Draining        Necr           0%         2d6       65%         3
 Brom's Barrelling Bould  Conj/Erth      0%         2d3       96%         4
 Fulminant Prism          Conj/Hex       0%         3d5       96%         4
 Agony                    Necr           0%         N/A       100%        5
 Summon Hydra             Summ           0%         N/A       100%        7


Dungeon Overview and Level Annotations

Branches:
Dungeon (9/15)             Temple (1/1) D:5         Ossuary (visited)
   Lair: D:8-11         Orc: D:9-12

Altars:
Ashenzari
Cheibriados
Dithmenos
Elyvilon
Fedhas
Gozag
Hepliaklqana
Kikubaaqudgha
Makhleb
Nemelex Xobeh
Okawaru
Qazlal
Ru
Sif Muna
Trog
Uskayaw
Vehumet
Wu Jian
Xom
Yredelemnul
Zin
The Shining One

Shops:
D:6 *

Annotations:
D:9 Joseph


Innate Abilities, Weirdness & Mutations

You are a hulking beast.
Your limbs bulge with bestial killing power. (Slay +3)
You cannot wear most types of armour.
You are amphibious.
You can wear up to eight rings at the same time.
Your skin changes colour to match your surroundings (Stealth+).
Your rubbery body absorbs attacks. (AC +1, EV +1)
((You are camouflaged when in or above water. (Stealth+)))
You have tentacles for arms and can constrict up to eight enemies at once.


Message History

Joseph shoots a sling bullet.
The sling bullet barely misses you.
Joseph shoots a sling bullet.
The sling bullet closely misses you.
Unknown command.
Joseph unwields a +2 sling of freezing.
Joseph wields a +0 quarterstaff.
Joseph hits you with a +0 quarterstaff!
You bludgeon Joseph! Your grab misses Joseph. You tentacle-slap Joseph.
Joseph is lightly wounded.
Joseph hits you with a +0 quarterstaff!
Unknown command.
You tentacle-slap Joseph. Your grab misses Joseph.
Joseph is moderately wounded.
Joseph hits you with a +0 quarterstaff!
Unknown command.
You are too injured to fight recklessly!
Unknown command.
You are too injured to fight recklessly!
Okay, then.
You tentacle-slap Joseph. You grab Joseph.
Joseph is moderately wounded.
You constrict Joseph.
Joseph hits you with a +0 quarterstaff!!
* * * LOW HITPOINT WARNING * * *
Unknown command.
Okay, then.
You feel better.
You constrict Joseph. Joseph barely misses you.
You feel better.
You constrict Joseph. Joseph hits you with a +0 quarterstaff!
* * * LOW HITPOINT WARNING * * *
Unknown command.
You feel better.
You constrict Joseph. Joseph closely misses you.
You feel better.
You constrict Joseph. Joseph hits you with a +0 quarterstaff!
* * * LOW HITPOINT WARNING * * *
Unknown command.
You feel better.
You constrict Joseph. Joseph hits you with a +0 quarterstaff!
* * * LOW HITPOINT WARNING * * *
Okay, then.
Okay, then.
You feel yourself speed up.
You constrict Joseph! Joseph hits you with a +0 quarterstaff!
You die...
Your body crumbles into a pile of gold.

...........# #######
...........####.....#
....................####
........########........
..#....## #........
###.##..########........
........)...............
#........#.#............
...#####<#......h.......
#..#####.#.....@........
........................
...##...................
.#....##................
......##.#......###.....
..............#. .####
....##...#.##... .#
.....<.###.. ##.


You could see Joseph.

Vanquished Creatures
  2 two-headed ogres (D:8)
  Prince Ribbit (D:7)
  Sigmund (D:2)
  A steam dragon (D:8)
  A water moccasin (D:7)
  3 ice beasts
  2 sky beasts (D:7)
  Pargi (D:4)
  2 black bears
  2 centaurs
  2 ogres
  2 phantoms
  A bullfrog (D:7)
  A kobold brigand (D:7)
  2 scorpions (D:7)
  An elf skeleton (D:6)
  A gnoll sergeant (D:6)
  5 wights (D:8)
  A killer bee (D:7)
  A howler monkey (D:5)
  2 hounds
  5 orc priests
  2 jellies
  A gnoll bouda (D:5)
  A human zombie (D:6)
  3 human skeletons (D:6)
  2 iguanas (D:7)
  Natasha (thrice) (D:2)
  3 orc wizards
  4 mummies (Ossuary)
  16 gnolls
  13 adders
  A shadow imp (D:7)
  3 white imps
  4 ufetubi (D:5)
  A worm (D:4)
  2 dart slugs
  36 orcs
  9 endoplasms
  5 giant cockroaches
  8 goblins
  5 hobgoblins
  9 jackals
  9 kobolds
  2 quokkas (D:1)
  8 ball pythons
  5 bats
  4 frilled lizards
  A gnoll zombie (Ossuary)
  2 hobgoblin zombies (Ossuary)
  4 kobold zombies (Ossuary)
  An orc skeleton (D:6)
  An orc zombie (Ossuary)
  8 rats
216 creatures vanquished.

Notes
Turn   | Place    | Note
-------+----------+-------------------------------------------
     0 | D:1      | Maxmaps the Octopode Shapeshifter began the quest for the
                  | Orb.
     0 | D:1      | Reached XP level 1. HP: 13/13 MP: 1/1
    49 | D:1      | Reached skill level 1 in Stealth
    55 | D:1      | Reached skill level 2 in Stealth
   131 | D:1      | Reached XP level 2. HP: 17/18 MP: 2/2
   309 | D:1      | Reached skill level 3 in Stealth
   395 | D:1      | Reached XP level 3. HP: 17/23 MP: 3/3
   504 | D:1      | Reached skill level 4 in Stealth
   796 | D:2      | Noticed Sigmund
   813 | D:2      | HP: 1/23 [something (6)]
   912 | D:2      | Killed Sigmund
   913 | D:2      | Reached skill level 6 in Stealth
   913 | D:2      | Reached XP level 4. HP: 31/31 MP: 4/4
   913 | D:2      | Reached XP level 5. HP: 36/36 MP: 5/5
   995 | D:2      | Noticed Natasha
  1005 | D:2      | Killed Natasha
  1006 | D:2      | Reached skill level 7 in Stealth
  1006 | D:2      | Reached XP level 6. HP: 31/42 MP: 6/6
  1359 | D:2      | Noticed Natasha
  1365 | D:2      | Killed Natasha
  1477 | D:2      | Noticed Natasha
  1483 | D:2      | Killed Natasha
  1694 | D:3      | Reached skill level 8 in Stealth
  2110 | D:3      | Found a radiant altar of Vehumet.
  2463 | D:4      | Noticed Pargi
  2472 | D:4      | Reached XP level 7. HP: 39/48 MP: 7/7
  2486 | D:4      | Killed Pargi
  2883 | D:4      | Found a stormy altar of Qazlal.
  2904 | D:4      | Found a blossoming altar of Fedhas.
  2906 | D:4      | Found a burning altar of Makhleb.
  3163 | D:4      | Reached skill level 5 in Dodging
  3205 | D:4      | Reached XP level 8. HP: 54/54 MP: 8/8
  3720 | D:5      | Entered Level 5 of the Dungeon
  3915 | D:5      | Identified the +8 mace of Unpleasantness {speed, rN+}
  4128 | D:5      | HP: 2/54 [gnoll/+0 spear[a gnoll bouda] (5)]
  4130 | D:5      | Reached skill level 5 in Shapeshifting
  4491 | D:5      | Found a staircase to the Ecumenical Temple.
  4558 | Temple   | Entered the Ecumenical Temple
  4977 | D:6      | Found Kiminum's Elemental Accessories.
  5251 | D:6      | Found a sand-covered staircase.
  5336 | Ossuary  | Entered an ossuary
  5663 | D:6      | Identified a scroll of acquirement
  5663 | D:6      | Acquired a +0 buckler of resistance
  5800 | D:6      | Reached skill level 1 in Shields
  6001 | D:6      | Reached XP level 9. HP: 58/58 MP: 9/9
  6230 | D:6      | Identified the +4 hand axe "Mumpidum" {flame, Fly Will+}
  6882 | D:7      | Reached skill level 5 in Shields
  7475 | D:7      | Reached skill level 5 in Unarmed Combat
  8539 | D:7      | You fall into a shaft and drop 1 floor!
  8675 | D:7      | Noticed Prince Ribbit
  8684 | D:7      | Killed Prince Ribbit
  8685 | D:7      | Reached skill level 5 in Fighting
  9306 | D:8      | Found a basalt altar of Yredelemnul.
  9333 | D:8      | Found an opulent altar of Gozag.
  9344 | D:8      | Noticed a two-headed ogre
  9356 | D:8      | Killed a two-headed ogre
  9357 | D:8      | Reached XP level 10. HP: 51/69 MP: 10/10
  9383 | D:8      | Became a worshipper of Gozag Ym Sagoz the Greedy
  9600 | D:8      | Noticed a two-headed ogre
  9613 | D:8      | Killed a two-headed ogre
 10129 | D:9      | Noticed Joseph
 10144 | D:9      | Slain by Joseph

Illustrated notes

Levels and vault maps discovered:
D:1:      tarquinn_simple_flora_water_a, layout_loops_cross,
          kennysheep_decorative_pillar
D:2:      layout_rooms, uniq_sigmund, uniq_natasha
D:3:      layout_loops_cross, vehumet_crystals
D:4:      layout_basic, nicolae_overflow_hidden_temple, general_overflow_altar,
          kennysheep_generic_room_13, uniq_pargi
D:5:      layout_loops_cross, temple_fountains
D:6:      layout_loops_ring, nicolae_ossuary_entry_catacombs,
          nicolae_elemental_shop, nicolae_figureground_pulse
D:7:      minmay_inner_zag, layout_layer_cave, uniq_prince_ribbit1
D:8:      cheibrodos_quashed, layout_basic, mainiacjoe_overflow_catwalk_spiral
D:9:      layout_rooms, minmay_chambers_of_fives, uniq_joseph
Temple:   kb_temple_of_zot

Skill      XL: |  1  2  3  4  5  6  7  8  9 10 |
---------------+-------------------------------+-----
Stealth        | 2 3 6 7 8 |  8.1
Fighting       | 3 4 6 |  6.3
Dodging        | 5 6 7 |  7.1
Shapeshifting  | 6 |  6.0
Unarmed Combat | 4 6 |  6.0
Shields        | 2 5 6 |  6.8

Action                     |  1- 3 |  4- 6 |  7- 9 | 10-12 || total
---------------------------+-------+-------+-------+-------++-------
  Melee: Unarmed           |    61 |    92 |   356 |    36 ||   545
         Constrict         |    16 |    24 |    80 |     6 ||   126
         Tentacles         |     8 |    14 |    96 |     9 ||   127
         Punch             |     1 |     4 |    21 |     5 ||    31
    Use: Potion            |       |     1 |    10 |     6 ||    17
         Scroll            |       |       |    12 |     2 ||    14
   Stab: Sleeping          |     7 |    12 |    28 |     1 ||    48
         Distracted        |       |     1 |     3 |     1 ||     5
 Armour: Skin              |    25 |    42 |   241 |    23 ||   331
  Dodge: Dodged            |    42 |    51 |   224 |    17 ||   334
  Block: Buckler           |       |       |    25 |     9 ||    34

Table legend: (Time is in decaauts)
 A = Elapsed time spent in this place.
 B = Non-inter-level travel time spent in this place.
 C = Inter-level travel time spent in this place.
 D = Time resting spent in this place.
 E = Time spent auto-exploring this place.
 F = Levels seen in this place.
 G = Mean time per level.
                   A        B        C        D        E       F      G
               +--------+--------+--------+--------+--------+-----+--------+
         Total |  10094 |   9632 |    462 |   2263 |   5613 |  11 |  917.6 |
       Dungeon |   9710 |   9307 |    403 |   2203 |   5437 |   9 | 1078.9 |
        Temple |     60 |      1 |     59 |      0 |      0 |   1 |   60.0 |
       Ossuary |    323 |    323 |      0 |     60 |    176 |   1 |  323.0 |
               +--------+--------+--------+--------+--------+-----+--------+

Top non-repeatable levels by time:
     D:7: 2179 daAuts
     D:4: 1587 daAuts
     D:8: 1322 daAuts
     D:6: 1225 daAuts
     D:5: 952 daAuts
     D:1: 872 daAuts
     D:3: 818 daAuts
     D:2: 669 daAuts
 Ossuary: 323 daAuts
     D:9: 81 daAuts
  Temple: 60 daAuts
